AoeStats
← Alyosha

Nomad

510206513Analyzed
4v4 RM · 2d ago on Sep 29, 2026· 48m 20s· 8 players
Game mode
Random Map
Map size
231×231
Population
200
Speed
Normal
Resources
Standard
Victory
Conquest
Starting age
Dark Age
Ending age
Imperial Age
RankedLock teamsTeams togetherTeam positionsShared explorationLock speedFull tech treeHidden civsTurbo modeCheats
Victory
Defeat
🇨🇴 Franks · Colombia
916
+9
🇪🇸 Berbers · Spain
807
+13
🇲🇽 Huns · Mexico
798
+13
🇺🇸 Vietnamese · United States
703
+17
🇨🇱 Vietnamese · Chile
773
-14
🇺🇸 Turks · United States
751
-13
🇲🇽 Lithuanians · Mexico
732
-13
🇨🇱 Koreans · Chile
712
-12
TimHa
4:34 Loom
14:38 Feudal Age
15:16 Horse Collar
18:10 Wheelbarrow
18:28 Double-Bit Axe
22:09 Gold Mining
26:11 Castle Age
27:37 Heavy Plow
27:43 Squires
27:04 Pikeman
28:15 Stone Mining
31:19 Hand Cart
30:50 Town Watch
34:32 Chatras
36:52 Ballistics
36:59 Husbandry
37:10 Bloodlines
44:33 Murder Holes
46:55 Forging
46:51 Scale Barding Armor
46:37 Fletching
47:46 Treadmill Crane
48:45 Iron Casting
Trukson
11:33 Loom
13:50 Feudal Age
21:05 Castle Age
19:20 Bloodlines
19:26 Forging
19:22 Scale Barding Armor
20:15 Fishing Lines
25:24 Fletching
38:43 Bodkin Arrow
42:40 Imperial Age
41:15 Iron Casting
40:36 Bodkin Arrow
44:03 Marauders
46:43 Chain Barding Armor
47:24 Blast Furnace
47:15 Wheelbarrow
47:35 Gold Mining
47:35 Stone Mining
TheCris
11:37 Loom
14:12 Feudal Age
14:39 Double-Bit Axe
20:19 Castle Age
19:18 Stone Mining
19:16 Fishing Lines
21:32 Fletching
29:23 Scale Barding Armor
36:48 Chain Barding Armor
37:58 Forging
39:22 Wheelbarrow
43:21 Imperial Age
44:31 Iron Casting
44:02 Husbandry
43:24 Cavalier
44:07 Chivalry
44:29 Conscription
44:06 Treadmill Crane
46:18 Bow Saw
46:25 Hand Cart
47:54 Murder Holes
Pendenciero
14:48 Feudal Age
14:54 Loom
15:34 Double-Bit Axe
16:00 Gold Mining
21:05 Man-at-Arms
22:01 Forging
21:52 Scale Mail Armor
26:12 Castle Age
25:39 Wheelbarrow
27:22 Husbandry
30:22 Town Watch
30:53 Hand Cart
37:40 Imperial Age
39:27 Town Patrol
40:04 Demolition Ship
41:07 Medium Warships
43:05 Ballistics
42:56 Capped Ram
Alyosha
15:28 Feudal Age
20:16 Castle Age
19:34 Double-Bit Axe
28:18 Loom
32:12 Murder Holes
36:20 Ballistics
37:20 Wheelbarrow
37:05 Gold Mining
37:07 Stone Mining
38:26 Fletching
38:37 Padded Archer Armor
42:11 Leather Archer Armor
41:52 Bodkin Arrow
45:58 Imperial Age
45:25 Gold Shaft Mining
44:40 Town Watch
44:56 Horse Collar
46:27 Hand Cart
46:40 Masonry
47:03 Conscription
anzolablan
15:00 Feudal Age
14:14 Loom
15:26 Man-at-Arms
15:52 Arson
31:18 Castle Age
31:01 Stone Mining
31:08 Gold Mining
32:36 Wheelbarrow
32:31 Forging
33:24 Stone Shaft Mining
36:39 Pikeman
37:20 Squires
40:15 Iron Casting
42:57 Hand Cart
45:12 Scale Barding Armor
46:32 Chain Barding Armor
PerdiendoConCan
15:19 Feudal Age
17:05 Double-Bit Axe
24:43 Castle Age
24:53 Pikeman
26:04 Bow Saw
31:19 Forging
35:16 Elite Skirmisher
38:46 Horse Collar
39:43 Squires
44:03 Fletching
44:50 Iron Casting
elguille911
17:04 Feudal Age
18:31 Double-Bit Axe
23:57 Castle Age
24:19 Horse Collar
Connection lost

Rejoining the realm…

Still unreachable

The connection could not be restored.

Session expired

The server has moved on; the page needs a fresh start.